 Dungeon Crawl Stone Soup version 0.29-a0-88-g03a7b78be7 (webtiles) character file.

Game seed: 12387853877676127039

478 lordive the Ruffian (level 6, 0/57 HPs)
             Began as a Troll Warper on Feb 5, 2022.
             Slain by an ogre (29 damage)
             ... on level 4 of the Dungeon.
             The game lasted 00:05:52 (1907 turns).

lordive the Ruffian (Troll Warper)                  Turns: 1907, Time: 00:05:53

Health: 0/57       AC:  4    Str: 20    XL:     6   Next: 86%
Magic:  7/7        EV: 10    Int: 11    God:
Gold:   69         SH:  0    Dex:  9    Spells: 8/8 levels left

rFire   . . .      SeeInvis .     - Unarmed
rCold   . . .      Faith    .   (no shield)
rNeg    . . .      Spirit   .   a - +0 robe
rPois   .          Reflect  .   (helmet restricted)
rElec   .          Harm     .   (no cloak)
rCorr   .          Rampage  .   (gloves unavailable)
Will    .....                   (boots unavailable)
Stlth   +.........              (no amulet)
HPRegen 0.99/turn               (no ring)
MPRegen 0.10/turn               (no ring)

@: lethally poisoned (0 -> 0)
A: large, unfitting armour, claws 3, regeneration 1, shaggy fur 1, tough skin 1
a: no special abilities


You were on level 4 of the Dungeon.
You visited 1 branch of the dungeon, and saw 4 of its levels.
You also visited: Sewer and Ossuary.

You collected 69 gold pieces.

Inventory:

Missiles
 c - 5 boomerangs of dispersal (quivered)
 x - 4 atropa-tipped darts
Armour
 a - a +0 robe (worn)
Jewellery
 i - a ring of protection from cold
 k - a ring of wizardry
Scrolls
 b - a scroll of blinking
 f - 2 scrolls of magic mapping {unknown}
 n - 2 scrolls of immolation {unknown}
 o - a scroll of enchant armour {unknown}
 q - 3 scrolls of identify {unknown}
 r - a scroll of vulnerability {unknown}
 s - a scroll of fog {unknown}
 u - a scroll of teleportation {unknown}
 v - 2 scrolls of enchant weapon {unknown}
Potions
 d - 3 potions of curing {unknown}
 e - 2 potions of degeneration {unknown}
 g - 3 potions of resistance {unknown}
 h - 3 potions of haste {unknown}
 j - 3 potions of might {unknown}
 l - a potion of lignification {unknown}
 m - 3 potions of flight {unknown}
 p - 2 potions of brilliance {unknown}
 t - a potion of cancellation {unknown}
 w - a potion of heal wounds {unknown}


   Skills:
 + Level 2.2 Fighting
 - Level 0.8 Throwing
 + Level 3.0 Dodging
 + Level 0.2 Stealth
 + Level 5.1 Unarmed Combat
 + Level 1.5 Spellcasting
 * Level 3.5 Translocations


You had 8 spell levels left.
You didn't know any spells.
Your spell library contained the following spells:

 Spells                   Type           Power      Damage    Failure   Level
 Blink                    Tloc           16%        N/A       11%         2
 Gell's Gravitas          Tloc           8%         N/A       22%         3
 Lesser Beckoning         Tloc           8%         N/A       22%         3
 Teleport Other           Tloc           8%         N/A       22%         3
 Manifold Assault         Tloc           8%         N/A       90%         5
 Storm Form               Tmut/Air       0%         N/A       100%        7


Dungeon Overview and Level Annotations

Branches:
Dungeon (4/15)              Sewer (visited)         Ossuary (visited)
 Temple: D:4-7

Altars:


Innate Abilities, Weirdness & Mutations

You are too large for most types of armour.
You have claws for hands.
Your natural rate of healing is unusually fast.
You are covered in fur. (AC +1)
You have tough skin. (AC +1)


Message History

You are too injured to fight recklessly!
You are too injured to fight recklessly!
You are too injured to fight recklessly!
You are too injured to fight recklessly!
You are too injured to fight recklessly!
You are too injured to fight recklessly!
You are too injured to fight recklessly!
You are too injured to fight recklessly!
You are too injured to fight recklessly!
You are too injured to fight recklessly!
You are too injured to fight recklessly!
You are too injured to fight recklessly!
Unknown command.
An adder comes into view.
The adder bites you but does no damage. The adder bites you but does no damage.
The adder misses you. The adder bites you.
You barely miss the adder. The adder closely misses you.
You miss the adder. The adder bites you.
You are poisoned.
The adder poisons you!
You closely miss the adder.
You feel sick. The adder closely misses you. The adder bites you.
You are more poisoned.
The adder poisons you!
You miss the adder.
You feel sick. The adder closely misses you.
You barely miss the adder.
You feel sick. The adder barely misses you.
You claw the adder!
You kill the adder!
You feel sick.
You claw the ogre!
The ogre is almost dead.
You feel sick. The ogre barely misses you.
You scratch the ogre but do no damage.
The ogre is almost dead.
You feel sick.
The ogre hits you with a +0 giant spiked club!!
Ouch! That really hurt!
You die...

.............#...###.# .
.##.....##...#...# #.# ..
+.....#....#...# #.#
...##.....#....#...###.#
.....##......#........
###..##.###..#..####.#
#......#........###.#
#...##.#.###........# .
#...@O.#.###...######
....##..####.............
...............###..######
.....####.#.##.# #..# #.
.### #.#.##.# #..# #.
#######.#.##.# #..# ###.
...........#.# #..# #...
########...#.# ##.# #...
#..<#.# #.# #...


You could see an ogre.

Vanquished Creatures
  A wraith (Ossuary)
  Pargi (Sewer)
  A necrophage (D:4)
  A mummy (Ossuary)
  A hound skeleton (D:3)
  4 adders
  2 worms
  A dart slug (D:1)
  10 orcs
  6 bats
  2 endoplasms
  7 giant cockroaches
  2 hobgoblins
  3 quokkas
  4 ball pythons
  6 frilled lizards
  7 gnoll skeletons (Ossuary)
  6 goblins
  5 kobolds
  7 kobold skeletons (Ossuary)
  11 orc skeletons (Ossuary)
  5 rats
93 creatures vanquished.

Notes
Turn   | Place    | Note
-------+----------+-------------------------------------------
     0 | D:1      | lordive the Troll Warper began the quest for the Orb.
     0 | D:1      | Reached XP level 1. HP: 19/19 MP: 1/1
   130 | D:1      | Reached XP level 2. HP: 27/27 MP: 3/3
   707 | D:2      | Reached XP level 3. HP: 35/35 MP: 4/4
   803 | D:3      | Found a faded altar of an unknown god.
   885 | D:3      | Reached XP level 4. HP: 42/42 MP: 5/5
   920 | D:3      | Found a glowing drain.
   924 | Sewer    | Entered a sewer
   979 | Sewer    | Noticed Pargi
   994 | Sewer    | Killed Pargi
   995 | Sewer    | Reached skill level 3 in Unarmed Combat
   995 | Sewer    | Reached XP level 5. HP: 38/49 MP: 6/6
  1355 | D:4      | Noticed a necrophage
  1361 | D:4      | Killed a necrophage
  1362 | D:4      | Reached skill level 4 in Unarmed Combat
  1362 | D:4      | Reached XP level 6. HP: 49/57 MP: 7/7
  1473 | D:4      | Found a sand-covered staircase.
  1484 | Ossuary  | Entered an ossuary
  1484 | Ossuary  | Noticed a wraith
  1484 | Ossuary  | Noticed a wraith
  1484 | Ossuary  | Noticed a wraith
  1558 | Ossuary  | Noticed a wraith
  1574 | Ossuary  | Killed a wraith
  1656 | Ossuary  | Reached skill level 5 in Unarmed Combat
  1907 | D:4      | Slain by an ogre

Illustrated notes

Levels and vault maps discovered:
D:1:      elethiomel_arrival_quiet, layout_loops_cross,
          hangedman_decor_riveting, minmay_misc_feat_more_columns,
          minmay_pentomino_p4
D:2:      layout_basic, roderic_roman_lattice, dk_noncrumbling_2,
          chequers_serial_rivers_room_b, uniq_natasha
D:3:      layout_rooms, serial_shops, shop, gup_sewer_entry_spiral,
          ebering_ghost_reflecting_pool, basic_ecumenical_altar,
          minmay_misc_feat_rugged
D:4:      layout_basic, enter_ossuary_1

Skill      XL: |  1  2  3  4  5  6 |
---------------+-------------------+-----
Dodging        | 2 3 |  3.0
Fighting       | 2 |  2.2
Unarmed Combat | 3 4 5 |  5.1
Translocations | 3 |  3.5
Throwing       | |  0.8
Stealth        | |  0.2
Spellcasting   | |  1.5

Action                   |  1- 3 |  4- 6 || total
-------------------------+-------+-------++-------
Melee: Unarmed           |   115 |   168 ||   283
       Punch             |     1 |     2 ||     3
Armor: Robe              |    39 |    61 ||   100
Dodge: Dodged            |    61 |    73 ||   134

Table legend: (Time is in decaauts)
 A = Elapsed time spent in this place.
 B = Non-inter-level travel time spent in this place.
 C = Inter-level travel time spent in this place.
 D = Time resting spent in this place.
 E = Time spent auto-exploring this place.
 F = Levels seen in this place.
 G = Mean time per level.
                   A        B        C        D        E       F      G
               +--------+--------+--------+--------+--------+-----+--------+
         Total |   1998 |   1909 |     89 |      0 |   1194 |   6 |  333.0 |
       Dungeon |   1454 |   1365 |     89 |      0 |    866 |   4 |  363.5 |
         Sewer |    266 |    266 |      0 |      0 |    173 |   1 |  266.0 |
       Ossuary |    277 |    277 |      0 |      0 |    154 |   1 |  277.0 |
               +--------+--------+--------+--------+--------+-----+--------+

Top non-repeatable levels by time:
     D:1: 662 daAuts
     D:3: 398 daAuts
     D:4: 310 daAuts
 Ossuary: 277 daAuts
   Sewer: 266 daAuts
     D:2: 82 daAuts
